 Dungeon Crawl Stone Soup version 0.29.1-12-g30fa7ad0bf (webtiles) character file.

Game seed: 173828768859068308

2979 AarnesTheHuman the Thaumaturge (level 9, -9/88 HPs)
             Began as a Naga Ice Elementalist on Dec 15, 2022.
             Mangled by a wyvern (12 damage)
             ... on level 7 of the Dungeon.
             The game lasted 00:15:56 (8508 turns).

AarnesTheHuman the Thaumaturge (NaIE)               Turns: 8508, Time: 00:15:57

Health: -9/88      AC: 13    Str: 10    XL:     9   Next: 82%
Magic:  23/30      EV: 10    Int: 20    God:
Gold:   323        SH:  0    Dex: 12    Spells: 11/24 levels left

rFire   . . .      SeeInvis +   a - +2 dagger (speed)
rCold   . . .      Faith    .   (no shield)
rNeg    . . .      Spirit   .   g - +1 robe
rPois   +          Reflect  .   (no helmet)
rElec   .          Harm     .   x - +0 cloak
rCorr   .          Rampage  .   (no gloves)
Will    +....                   (no barding)
Stlth   ++........              (no amulet)
HPRegen 0.24/turn               j - ring of flight
MPRegen 0.22/turn               n - ring of magical power

@: ice-armoured, freezing walls, flying, very slow
A: AC +3, large, see invisible, deformed body, poison resistance, slowness 2,
spit poison 1, naga tail 1
a: Spit Poison


You were on level 7 of the Dungeon.
You visited 2 branches of the dungeon, and saw 10 of its levels.

You collected 323 gold pieces.

Inventory:

Hand Weapons
 a - a +2 dagger of speed (weapon)
 f - a +0 club of flaming
 i - a +2 whip of electrocution
Missiles
 r - 18 stones
 A - a throwing net
Armour
 g - a +1 robe (worn)
 x - a +0 cloak (worn)
Jewellery
 j - a ring of flight (left hand)
 n - a ring of magical power (right hand)
 o - a ring of magical power
 C - a +4 ring of evasion
Wands
 s - a wand of light (3)
Scrolls
 c - a scroll of magic mapping
 d - 2 scrolls of immolation
 e - 2 scrolls of vulnerability
 h - 2 scrolls of teleportation
 k - a scroll of enchant weapon {unknown}
 m - 2 scrolls of poison
 t - a scroll of brand weapon
 D - 2 scrolls of identify
Potions
 b - a potion of magic
 l - a potion of invisibility {unknown}
 p - a potion of flight {unknown}
 q - 5 potions of curing
 u - 2 potions of brilliance
 v - 3 potions of attraction
 w - a potion of degeneration {unknown}
 z - a potion of ambrosia {unknown}
 B - a potion of lignification


   Skills:
 + Level 7.8 Fighting
 - Level 1.5 Dodging
 - Level 3.0 Stealth
 - Level 8.0 Spellcasting
 + Level 3.3 Conjurations
 - Level 3.0 Fire Magic
 - Level 6.1 Ice Magic


You had 11 spell levels left.
You knew the following spells:

 Your Spells              Type           Power      Damage    Failure   Level
a - Freeze                Ice            100%       1d11      1%          1
b - Frozen Ramparts       Ice            64%        1d10      1%          3
c - Ozocubu's Armour      Ice            32%        N/A       1%          3
d - Static Discharge      Conj/Air       14%        3-5/arc   6%          2
e - Sticky Flame          Conj/Fire      20%        2d4       22%         4

Your spell library contained the following spells:

 Spells                   Type           Power      Damage    Failure   Level
 Hailstorm                Conj/Ice       26%        3d7       12%         4
 Dispel Undead            Necr           8%         3d8       63%         4
 Summon Forest            Summ/Tloc      4%         N/A       93%         5
 Summon Mana Viper        Hex/Summ       8%         N/A       93%         5
 Summon Cactus Giant      Summ           4%         N/A       100%        6


Dungeon Overview and Level Annotations

Branches:
Dungeon (9/15)             Temple (1/1) D:5
   Lair: D:8-11         Orc: D:9-12

Altars:
Ashenzari
Cheibriados
Dithmenos
Elyvilon
Fedhas
Gozag
Kikubaaqudgha
Nemelex Xobeh
Okawaru
Ru
Sif Muna
Trog
Uskayaw
Wu Jian
Xom
Yredelemnul
Zin
The Shining One

Annotations:
D:3 Grinder


Innate Abilities, Weirdness & Mutations

Your serpentine skin is tough. (AC +3)
You have supernaturally acute eyesight. (SInv)
Armour fits poorly on your strangely shaped body.
Your system is resistant to poisons. (rPois)
You cover ground very slowly.
You can spit poison.
You have a snake-like lower body.


Message History

The wall freezes the manticore.
The manticore bites you but does no damage.
The manticore claws you.
* * * LOW HITPOINT WARNING * * *
The manticore claws you.
* * * LOW HITPOINT WARNING * * *
The wall freezes the orc wizard.
Okay, then.
Unknown command.
Aiming: Bolt of Light
Press: ? - help, Shift-Dir - straight line, f/p - manticore
Aim: a manticore (almost dead, 83% to hit)
The bolt of light hits the manticore!
You kill the manticore!
You hear an angry hiss.
The wall freezes the wyvern.
The wyvern bites you!
* * * LOW HITPOINT WARNING * * *
A komodo dragon comes into view.
The wall freezes the wyvern.
The wyvern bites you.
* * * LOW HITPOINT WARNING * * *
A centaur comes into view.
The wall freezes the orc wizard.
Your Conjurations skill gained 2 levels and is now at level 3!
Okay, then.
Unknown command.
As you read the scroll labelled GUSAETH SOMUEM, it crumbles to dust.
It is a scroll of brand weapon.
Your +0 club is engulfed in flames!
f - a +0 club of flaming You have got your breath back.
The wall freezes the wyvern but does no damage.
The wyvern closely misses you.
The white imp completely resists.
The wall freezes the white imp but does no damage.
The wall freezes the orc wizard!
You kill the orc wizard!
As you read the scroll labelled RAETERCHU WIERO, it crumbles to dust.
It is a scroll of enchant armour.
Your +0 robe glows green for a moment.
The wall freezes the wyvern.
The wyvern hisses menacingly.
The wyvern bites you!
You die...

# .##.# #..... ##.....
###### ########.....#
.....# #........# .# .
.....# #.#####.##.#...#
####.####.#####.@)......
#............##.#l...#..
#.##.####.......##5o#(#
#.##.# #.......# .#..
.....# #.##.##.# 5 .c.
#.##.# #.##..... .. l.
#.##.# #.## ##.. #) .
#.##.# #.# #.. .. #.##.#
#..


You could see a komodo dragon, a wyvern, a centaur, a white imp, an orc and an
ufetubus.

Vanquished Creatures
  A manticore (D:7)
  Prince Ribbit (D:5)
  Menkaure (D:4)
  Edmund (D:6)
  A water moccasin (D:7)
  A black bear (D:6)
  2 orc warriors
  2 phantoms (D:4)
  Blork the orc (D:4)
  A bullfrog (D:7)
  A necrophage (D:5)
  5 wights
  6 killer bees (D:7)
  A howler monkey (D:8)
  3 orc priests
  4 hounds
  4 jellies
  A gnoll bouda (D:8)
  5 iguanas
  6 orc wizards
  8 adders
  3 gnolls (D:8)
  An ufetubus (D:4)
  A worm (D:4)
  8 dart slugs
  20 orcs
  12 endoplasms
  3 giant cockroaches
  5 goblins
  10 hobgoblins
  10 jackals
  8 quokkas
  8 ball pythons
  3 bats
  5 frilled lizards
  5 kobolds
  2 rats
160 creatures vanquished.

Notes
Turn   | Place    | Note
-------+----------+-------------------------------------------
     0 | D:1      | AarnesTheHuman the Naga Ice Elementalist began the quest
                  | for the Orb.
     0 | D:1      | Reached XP level 1. HP: 15/15 MP: 3/3
   337 | D:1      | Reached XP level 2. HP: 7/22 MP: 0/5
   967 | D:1      | Reached XP level 3. HP: 28/28 MP: 6/6
  1580 | D:1      | Learned a level 3 spell: Frozen Ramparts
  1584 | D:1      | Learned a level 3 spell: Ozocubu's Armour
  1770 | D:2      | Reached skill level 3 in Spellcasting
  1888 | D:2      | Reached XP level 4. HP: 36/36 MP: 8/8
  2600 | D:3      | Reached skill level 5 in Ice Magic
  2830 | D:3      | Found a glowing silver altar of Zin.
  3103 | D:3      | Reached XP level 5. HP: 34/42 MP: 10/10
  3212 | D:3      | Noticed Grinder
  4165 | D:4      | Found a hide-covered altar of Uskayaw.
  4207 | D:4      | Noticed Blork the orc
  4218 | D:4      | Noticed a phantom
  4218 | D:4      | Killed Blork the orc
  4219 | D:4      | Reached skill level 4 in Spellcasting
  4221 | D:4      | HP: 1/42 [phantom (3)]
  4224 | D:4      | Killed a phantom
  4225 | D:4      | Reached XP level 6. HP: 18/49 MP: 11/12
  5017 | D:4      | Reached skill level 1 in Fighting
  5017 | D:4      | Reached skill level 5 in Spellcasting
  5017 | D:4      | Reached XP level 7. HP: 21/58 MP: 13/14
  5255 | D:4      | Learned a level 2 spell: Static Discharge
  5260 | D:4      | Learned a level 4 spell: Sticky Flame
  5355 | D:4      | Found a shimmering blue altar of Sif Muna.
  5446 | D:5      | Entered Level 5 of the Dungeon
  5446 | D:5      | Noticed Menkaure
  5457 | D:4      | Killed Menkaure
  5873 | D:5      | Found a broken altar of Ashenzari.
  6174 | D:5      | Found a shadowy altar of Dithmenos.
  6203 | D:5      | Reached skill level 5 in Fighting
  6328 | D:5      | Found a white marble altar of Elyvilon.
  6354 | D:5      | Noticed Prince Ribbit
  6360 | D:5      | Found a staircase to the Ecumenical Temple.
  6366 | D:5      | Killed Prince Ribbit
  6367 | D:5      | Reached XP level 8. HP: 51/76 MP: 15/15
  6373 | Temple   | Entered the Ecumenical Temple
  6656 | D:5      | Reached skill level 1 in Fire Magic
  6863 | D:6      | Noticed Edmund
  6869 | D:6      | Killed Edmund
  7146 | D:6      | Reached skill level 6 in Spellcasting
  7424 | D:6      | You are sucked into a shaft and drop 3 floors!
  7568 | D:9      | Reached skill level 7 in Spellcasting
  7568 | D:9      | Reached XP level 9. HP: 32/82 MP: 19/19
  8028 | D:7      | Reached skill level 8 in Spellcasting
  8275 | D:7      | Reached skill level 1 in Conjurations
  8499 | D:7      | Noticed a manticore
  8506 | D:7      | Killed a manticore
  8506 | D:7      | Noticed a komodo dragon
  8506 | D:7      | HP: 2/86 [wyvern (6)]
  8508 | D:7      | Mangled by a wyvern

Illustrated notes

Levels and vault maps discovered:
D:1:      heliophobic_arrival_henge, layout_basic, minivault_4,
          minmay_misc_feat_five
D:2:      layout_loops_cross, nicolae_figureground_pulse
D:3:      layout_basic, zin_scriptorium, uniq_grinder
D:4:      layout_basic, mainiacjoe_overflow_chevrons,
          mainiacjoe_overflow_concentric_impassable, minmay_misc_feat_diagonals,
          uniq_blork_the_orc
D:5:      layout_gridville, kennysheep_mini_moat,
          mainiacjoe_overflow_catch_the_wave, temple_hall, uniq_prince_ribbit1,
          uniq_menkaure
D:6:      layout_rooms, dk_noncrumbling_4, grunt_ministairs_1, uniq_sigmund,
          uniq_edmund, uniq_pikel
D:7:      cheibrodos_fzero, layout_loops_cross, vehumet_statue,
          amcnicky_mini_corridor_feature, nicolae_concentric_dashed_squares_mild
D:8:      layout_loops_cross, nzn_hepliaklqana_mist_gate, marbit_many_paths,
          serial_shops, nicolae_shop_bloodbath_and_beyond
D:9:      layout_rooms, lemuel_round_altar, serial_shops, shop,
          minmay_misc_feat_room, hangedman_decor_clover_reticule,
          chequers_serial_rivers_small_a, serial_bayou_ford_a, uniq_harold,
          uniq_erica
Temple:   nicolae_temple_x_marks_the_god

Skill      XL: |  1  2  3  4  5  6  7  8  9 |
---------------+----------------------------+-----
Spellcasting   | 3 4 5 7 8 |  8.0
Ice Magic      | 5 6 |  6.1
Fighting       | 1 6 7 |  7.8
Fire Magic     | 3 |  3.0
Conjurations   | 3 |  3.3
Dodging        | |  1.5
Stealth        | |  3.0

Action                   |  1- 3 |  4- 6 |  7- 9 || total
-------------------------+-------+-------+-------++-------
Melee: Unarmed           |    13 |       |       ||    13
       Club              |     3 |       |       ||     3
       Dagger            |    33 |    95 |   112 ||   240
       Punch             |       |     2 |     3 ||     5
 Cast: Freeze            |    29 |    56 |    49 ||   134
       Frozen Ramparts   |       |     7 |    21 ||    28
       Ozocubu's Armour  |       |     2 |    17 ||    19
       Static Discharge  |       |       |    12 ||    12
 Abil: Spit Poison       |    11 |     1 |     3 ||    15
Evoke: Wand              |       |     6 |     2 ||     8
  Use: Scroll            |       |    10 |     5 ||    15
       Potion            |       |     3 |       ||     3
 Stab: Sleeping          |     5 |     5 |     3 ||    13
       Invisible         |       |       |     1 ||     1
Armor: Robe              |    12 |    24 |    51 ||    87
Dodge: Dodged            |    29 |    47 |    85 ||   161
